 Dungeon Crawl Stone Soup version 0.28.0-43-g3370ac3207 (webtiles) character file.

Game seed: 14758434502366171623

2860 themarg the Martial Artist (level 9, 0/68 HPs)
             Began as a Gnoll Transmuter on Apr 1, 2022.
             Was a Believer of Uskayaw.
             Slain by a slime creature (13 damage)
             ... on level 7 of the Dungeon on Apr 2, 2022.
             The game lasted 00:37:04 (10011 turns).

themarg the Martial Artist (Gnoll Transmuter)      Turns: 10011, Time: 00:37:04

Health: 0/68       AC:  2    Str:  9    XL:     9   Next: 75%
Magic:  19/19      EV: 24    Int: 17    God:    Uskayaw [**....]
Gold:   1450       SH:  0    Dex: 18    Spells: 15/21 levels left

rFire   . . .      SeeInvis .     - Unarmed
rCold   . . .      Faith    .   (shield currently unavailable)
rNeg    . . .      Spirit   .   (armour currently unavailable)
rPois   x          Reflect  .   (helmet currently unavailable)
rElec   .          Harm     .   (cloak currently unavailable)
rCorr   +          Rampage  .   (gloves currently unavailable)
Will    .....                   (boots currently unavailable)
Stlth   +++.......              d - amulet of magic regeneration
HPRegen 0.21/turn               g - ring of wizardry
MPRegen 0.56/turn               a - ring of resist corrosion

@: spider-form
A: venomous fangs, tiny, (fangs 1), strong nose, distributed training
a: End Transformation, Renounce Religion, Stomp, Line Pass


You were on level 7 of the Dungeon.
You worshipped Uskayaw.
Uskayaw was noncommittal.
You were a venomous arachnid creature.
You visited 2 branches of the dungeon, and saw 9 of its levels.
You also visited: Sewer.

You collected 1450 gold pieces.

Inventory:

Hand Weapons
 h - a +3 short sword
 j - a +1 dagger of electrocution
 v - a +2 dagger of protection
 B - a +6 halberd
 C - a +3 dagger of freezing (melded)
 D - a +5 scimitar of freezing
Missiles
 i - 139 stones
 r - 14 poisoned darts
Armour
 e - a +2 pair of gloves (melded)
 n - a +0 cloak (melded)
 s - a +2 robe (melded)
 y - a +2 pair of boots (melded)
Jewellery
 a - a ring of resist corrosion (right front leg)
 d - an amulet of magic regeneration (around neck)
 g - a ring of wizardry (left front leg)
 z - an amulet of faith
Wands
 u - a wand of mindburst (13)
Scrolls
 b - 3 scrolls of teleportation
 f - 3 scrolls of amnesia
 k - a scroll of fear
 m - a scroll of fog
 t - a scroll of immolation
 w - a scroll of magic mapping {unknown}
 x - 2 scrolls of blinking
 A - 2 scrolls of vulnerability
Potions
 c - a potion of lignification
 l - 3 potions of curing
 o - 5 potions of flight
 p - a potion of haste


   Skills:
 + Level 5.3 Fighting
 + Level 4.5 Short Blades
 + Level 4.5 Long Blades
 + Level 4.5 Axes
 + Level 4.5 Maces & Flails
 + Level 4.5 Polearms
 + Level 4.5 Staves
 + Level 4.5 Slings
 + Level 4.5 Bows
 + Level 4.5 Crossbows
 + Level 4.5 Throwing
 + Level 4.5 Armour
 + Level 6.5 Dodging
 + Level 4.5 Stealth
 + Level 4.5 Shields
 + Level 8.0 Unarmed Combat
 + Level 6.8 Spellcasting
 + Level 3.7 Conjurations
 + Level 3.7 Hexes
 + Level 3.7 Summonings
 + Level 3.7 Necromancy
 + Level 3.7 Translocations
 + Level 5.4 Transmutations
 + Level 3.7 Fire Magic
 + Level 3.7 Ice Magic
 + Level 3.7 Air Magic
 + Level 3.7 Earth Magic
 + Level 3.7 Poison Magic
 + Level 5.0 Invocations
 + Level 4.5 Evocations


You had 15 spell levels left.
You knew the following spells:

 Your Spells              Type           Power      Damage    Failure   Level
a - Beastly Appendage     Tmut           48%        N/A       2%          1
b - Wereblood             Tmut           24%        N/A       3%          2
c - Spider Form           Tmut/Pois      21%        N/A       6%          3

Your spell library contained the following spells:

 Spells                   Type           Power      Damage    Failure   Level
 Static Discharge         Conj/Air       18%        N/A       4%          2
 Frozen Ramparts          Ice            36%        1d5       9%          3
 Tukima's Dance           Hex            18%        N/A       9%          3
 Ice Form                 Ice/Tmut       21%        N/A       16%         4
 Anguish                  Hex/Necr       9%         N/A       21%         4
 Summon Ice Beast         Ice/Summ       18%        N/A       21%         4
 Lightning Bolt           Conj/Air       9%         1d21      43%         5
 Enfeeble                 Hex            9%         N/A       100%        7
 Maxwell's Capacitive Co  Air            9%         ∞         100%        8


Dungeon Overview and Level Annotations

Branches:
Dungeon (8/15)             Temple (1/1) D:5           Sewer (visited)
   Lair: D:8-11

Altars:
Ashenzari
Cheibriados
Dithmenos
Elyvilon
Fedhas
Gozag
Hepliaklqana
Kikubaaqudgha
Makhleb
Nemelex Xobeh
Okawaru
Qazlal
Ru
Sif Muna
Trog
Uskayaw
Vehumet
Wu Jian
Xom
Yredelemnul
Zin
The Shining One

Annotations:
D:3 exclusion: ogre


Innate Abilities, Weirdness & Mutations

You are a venomous arachnid creature.
You have poisonous fangs.
You are tiny and dextrous.
Your spellcasting is less reliable in this form.
Your armour is entirely melded.
You are incapable of wielding weapons or throwing items.
((You have very sharp teeth.))
Your uncanny sense of smell can sniff out nearby items.
Your experience applies equally to all skills.


Message History

The slime creature misses you. The slime creature barely misses you.
You bite the slime creature!
The slime creature is moderately wounded.
The slime creature looks more healthy.
The slime creature misses you. The slime creature barely misses you.
You bite the slime creature!
The slime creature is heavily wounded.
The slime creature completely misses you.
The slime creature hits you!
* * * LOW HITPOINT WARNING * * *
You can now pass through a line of other dancers.
You feel much better. The slime creature hits you.
The slime creature misses you.
You hit the slime creature but do no damage.
The slime creature is heavily wounded.
The slime creature completely misses you.
The slime creature misses you.
You bite the slime creature!
The slime creature is severely wounded.
The slime creature barely misses you.
The slime creature completely misses you.
You hit the slime creature.
The slime creature is severely wounded.
The slime creature closely misses you. The slime creature misses you.
You hit the slime creature.
The slime creature is severely wounded.
The slime creature hits you but does no damage.
You hit the slime creature.
The slime creature is severely wounded.
The slime creature hits you!
You bite the slime creature!
The slime creature is almost dead.
The slime creature hits you.
* * * LOW HITPOINT WARNING * * *
The slime creature hits you.
* * * LOW HITPOINT WARNING * * *
You bite the slime creature!
You kill the slime creature!
The slime creature hits you!
You die...

'##....#....#.............)......
..#....#....#######...........)..
..#....#..........#.............)
..#....#..........#...)........))
..#....#.........>#.......)######
..[....#..........#........#.....
))#....#....##....#..............
).#....#######..J.#........#.....
###....##...##..s.#........######
#......#....#.....#........#.....
#...^..#....#.....#........#.....
#......#....#.....#........#.....
#......#....#.....#........#.....
#......####'#######........###...
#......#.............##.######...
.......'.............#......#....
########....>...............#....


You could see a slime creature.

Vanquished Creatures
  A slime creature (D:7)
  Sigmund (D:4)
  Eustachio (D:4)
  Menkaure (D:5)
  Duvessa (D:4)
  A water moccasin (D:6)
  An ice beast (D:6)
  An orc warrior (D:8)
  An ogre (D:3)
  A centaur (D:6)
  4 kobold brigands
  A wyvern zombie (D:6)
  A water moccasin zombie (D:7)
  A water moccasin skeleton (D:5)
  A wyvern skeleton (D:7)
  Dowan (D:4)
  3 killer bees (D:7)
  2 howler monkeys (D:7)
  10 wights (D:7)
  A bullfrog zombie (D:6)
  A centaur skeleton (D:7)
  2 bullfrog skeletons
  A centaur zombie (D:7)
  An orc priest (D:8)
  2 hounds
  4 jellies
  4 iguanas
  An orc wizard (D:8)
  A killer bee zombie (D:6)
  A hound skeleton (D:4)
  A howler monkey zombie (D:7)
  5 adders
  A river rat (Sewer)
  A shadow imp (D:5)
  A white imp (D:7)
  3 ufetubi
  4 worms
  2 dart slugs
  7 orcs
  4 endoplasms
  3 giant cockroaches
  13 hobgoblins
  5 jackals
  25 kobolds
  8 ball pythons
  2 bats
  3 frilled lizards
  2 goblins (D:4)
  4 rats
147 creatures vanquished.

Notes
Turn   | Place    | Note
-------+----------+-------------------------------------------
     0 | D:1      | themarg the Gnoll Transmuter began the quest for the Orb.
     0 | D:1      | Reached XP level 1. HP: 17/17 MP: 6/6
   389 | D:1      | Reached XP level 2. HP: 18/23 MP: 7/7
   461 | D:1      | Learned a level 2 spell: Wereblood
  1129 | D:2      | Reached XP level 3. HP: 26/28 MP: 9/9
  1158 | D:2      | Reached skill level 5 in Spellcasting
  1510 | D:2      | Learned a level 3 spell: Spider Form
  1705 | D:3      | Reached skill level 1 in Invocations
  2179 | D:3      | Reached skill level 1 in Short Blades
  2179 | D:3      | Reached skill level 1 in Long Blades
  2179 | D:3      | Reached skill level 1 in Axes
  2179 | D:3      | Reached skill level 1 in Maces & Flails
  2179 | D:3      | Reached skill level 1 in Polearms
  2179 | D:3      | Reached skill level 1 in Staves
  2179 | D:3      | Reached skill level 1 in Slings
  2179 | D:3      | Reached skill level 1 in Bows
  2179 | D:3      | Reached skill level 1 in Crossbows
  2179 | D:3      | Reached skill level 1 in Throwing
  2179 | D:3      | Reached skill level 1 in Armour
  2179 | D:3      | Reached skill level 1 in Stealth
  2179 | D:3      | Reached skill level 1 in Shields
  2179 | D:3      | Reached skill level 1 in Evocations
  2203 | D:3      | Noticed an ogre
  2295 | D:3      | Reached XP level 4. HP: 26/34 MP: 11/11
  2876 | D:4      | Noticed Sigmund
  2891 | D:4      | Killed Sigmund
  2892 | D:4      | Reached skill level 1 in Conjurations
  2892 | D:4      | Reached skill level 1 in Hexes
  2892 | D:4      | Reached skill level 1 in Summonings
  2892 | D:4      | Reached skill level 1 in Necromancy
  2892 | D:4      | Reached skill level 1 in Translocations
  2892 | D:4      | Reached skill level 1 in Fire Magic
  2892 | D:4      | Reached skill level 1 in Ice Magic
  2892 | D:4      | Reached skill level 1 in Air Magic
  2892 | D:4      | Reached skill level 1 in Earth Magic
  2892 | D:4      | Reached skill level 1 in Poison Magic
  2892 | D:4      | Reached XP level 5. HP: 36/41 MP: 12/12
  2892 | D:4      | Reached XP level 6. HP: 42/47 MP: 13/13
  3040 | D:4      | Noticed Duvessa
  3070 | D:4      | Noticed Dowan
  3079 | D:4      | Killed Duvessa
  3080 | D:4      | Reached skill level 5 in Dodging
  3090 | D:4      | Killed Dowan
  3093 | D:4      | Noticed Eustachio
  3235 | D:3      | Reached XP level 7. HP: 52/52 MP: 15/15
  3316 | D:4      | Killed Eustachio
  3317 | D:4      | Reached skill level 7 in Unarmed Combat
  4433 | D:5      | Entered Level 5 of the Dungeon
  4551 | D:5      | Found a glowing drain.
  4566 | Sewer    | Entered a sewer
  4650 | Sewer    | Reached XP level 8. HP: 30/60 MP: 16/16
  4855 | Sewer    | Found a glowing silver altar of Zin.
  5360 | D:5      | Noticed Menkaure
  5369 | D:5      | Killed Menkaure
  5570 | D:5      | Found a staircase to the Ecumenical Temple.
  5576 | Temple   | Entered the Ecumenical Temple
  5987 | Temple   | Became a worshipper of Uskayaw the Reveller
  6308 | D:6      | Found an opulent altar of Gozag.
  6326 | D:6      | Reached * piety under Uskayaw
  6331 | D:6      | Reached ** piety under Uskayaw
  7441 | D:7      | Reached skill level 5 in Transmutations
  7441 | D:7      | Reached XP level 9. HP: 59/66 MP: 18/18
  7625 | D:7      | Reached *** piety under Uskayaw
  8357 | D:7      | Reached skill level 5 in Fighting
  9034 | D:7      | Reached skill level 8 in Unarmed Combat
  9038 | D:7      | Reached **** piety under Uskayaw
  9308 | D:7      | Identified a scroll of acquirement
  9309 | D:7      | Acquired 1031 gold pieces
  9317 | D:8      | Noticed a two-headed ogre
  9704 | D:8      | Reached skill level 5 in Invocations
 10011 | D:7      | Slain by a slime creature

Illustrated notes

Levels and vault maps discovered:
D:1:      ebering_trefoil_3fold, layout_loops_ring, corner_web_ring
D:2:      layout_loops_cross, corexii_item_surrounded_by_moat
D:3:      layout_loops_corners, minmay_cut_off
D:4:      layout_basic, uniq_sigmund, uniq_duvessa, uniq_eustachio
D:5:      layout_gridville, minmay_temple_entry_fiery,
          cheibrodos_sewer_entry_sluice, uniq_menkaure
D:6:      hellmonk_warped_wall, layout_cave_pools, grunt_gozag_breadcrumbs
D:7:      layout_gridville, grunt_decor_junction
D:8:      layout_rooms, lair_entry_dummy, minmay_misc_feat_hallway,
          patterned_corridor
Temple:   mainiacjoe_temple_trianglar_array

Skill      XL: |  1  2  3  4  5  6  7  8  9 |
---------------+----------------------------+-----
Spellcasting   | 5 6 |  6.8
Invocations    | 1 2 3 4 5 |  5.0
Short Blades   | 1 2 3 4 |  4.5
Long Blades    | 1 2 3 4 |  4.5
Axes           | 1 2 3 4 |  4.5
Maces & Flails | 1 2 3 4 |  4.5
Polearms       | 1 2 3 4 |  4.5
Staves         | 1 2 3 4 |  4.5
Slings         | 1 2 3 4 |  4.5
Bows           | 1 2 3 4 |  4.5
Crossbows      | 1 2 3 4 |  4.5
Throwing       | 1 2 3 4 |  4.5
Armour         | 1 2 3 4 |  4.5
Stealth        | 1 2 3 4 |  4.5
Shields        | 1 2 3 4 |  4.5
Evocations     | 1 2 3 4 |  4.5
Fighting       | 3 4 5 |  5.3
Conjurations   | 1 2 3 |  3.7
Hexes          | 1 2 3 |  3.7
Summonings     | 1 2 3 |  3.7
Necromancy     | 1 2 3 |  3.7
Translocations | 1 2 3 |  3.7
Transmutations | 4 5 |  5.4
Fire Magic     | 1 2 3 |  3.7
Ice Magic      | 1 2 3 |  3.7
Air Magic      | 1 2 3 |  3.7
Earth Magic    | 1 2 3 |  3.7
Poison Magic   | 1 2 3 |  3.7
Dodging        | 5 6 |  6.5
Unarmed Combat | 7 8 |  8.0

Action                   |  1- 3 |  4- 6 |  7- 9 || total
-------------------------+-------+-------+-------++-------
Melee: Whip              |     8 |       |       ||     8
       Short sword       |    67 |    13 |     4 ||    84
       Bite              |     9 |     1 |       ||    10
       Kick              |    17 |     2 |       ||    19
       Headbutt          |    10 |     2 |       ||    12
       Unarmed           |     1 |    43 |   386 ||   430
       Punch             |       |     1 |       ||     1
 Cast: Beastly Appendage |    30 |     7 |       ||    37
       Spider Form       |       |    10 |    55 ||    65
  Use: Scroll            |       |     3 |    12 ||    15
       Potion            |       |       |     5 ||     5
 Stab: Sleeping          |     2 |       |     4 ||     6
       Paralysed         |       |       |    12 ||    12
Armor: Robe              |    17 |     1 |     6 ||    24
       Skin              |       |     1 |    16 ||    17
Dodge: Dodged            |    42 |    49 |   390 ||   481
